 Dungeon Crawl Stone Soup version 0.23-a0-712-g3a644c0 (webtiles) character file.

159 Azzok the Firebug (level 5, -10/35 HPs)
             Began as a Demonspawn Fire Elementalist on Jan 15, 2019.
             Killed from afar by an orc wizard (13 damage)
             ... with a puff of frost
             ... on level 2 of the Dungeon.
             The game lasted 00:04:04 (3553 turns).

Azzok the Firebug (Demonspawn Fire Elementalist)    Turns: 3553, Time: 00:04:04

Health: -10/35     AC:  5    Str:  9    XL:     5   Next: 17%
Magic:  7/9        EV: 12    Int: 17    God:
Gold:   123        SH:  0    Dex: 13    Spells: 6/10 levels left

rFire    . . .     SeeInvis .   d - +0 dagger
rCold    . . .     Gourm    .   (no shield)
rNeg     . . .     Faith    .   a - +0 robe
rPois    .         Spirit   .   (no helmet)
rElec    .         Reflect  .   (no cloak)
rCorr    .         Harm     .   i - +0 pair of gloves (curse)
MR       .....                  (no boots)
Stlth    +.........             (no amulet)
HPRegen  0.11/turn              g - ring of attention (curse)
MPRegen  0.11/turn              h - ring of flight

@: very slightly contaminated
A: molten scales 1, powered by pain 2
a: Evoke Flight


You were on level 2 of the Dungeon.
You were not hungry.

You visited 1 branch of the dungeon, and saw 3 of its levels.

You collected 123 gold pieces.

Inventory:

Hand Weapons
 d - a +0 dagger (weapon)
Armour
 a - a +0 robe (worn)
 f - a +0 buckler
 i - a cursed +0 pair of gloves (worn)
Jewellery
 g - a cursed ring of attention (left hand)
 h - a ring of flight (right hand)
 n - an uncursed ring of ice {unknown}
Wands
 o - a wand of flame (7)
Scrolls
 e - 6 scrolls of identify {unknown}
 j - 3 scrolls of fear {unknown}
 l - 2 scrolls of teleportation {unknown}
Potions
 b - a potion of curing {unknown}
 k - 2 potions of might {unknown}
 m - a potion of mutation {unknown}
 p - 2 potions of heal wounds {unknown}
Comestibles
 c - 8 rations


   Skills:
 - Level 1.7 Dodging
 - Level 1.7 Stealth
 + Level 3.3 Spellcasting
 + Level 2.9 Conjurations
 + Level 3.7 Fire Magic


You had 6 spell levels left.
You knew the following spells:

 Your Spells              Type           Power        Failure   Level  Hunger
a - Flame Tongue          Conj/Fire      ##...        4%          1    None
b - Conjure Flame         Conj/Fire      ##......     13%         3    ###....

Your spell library contained the following spells:

 Spells                   Type           Power        Failure   Level  Hunger
 Throw Flame              Conj/Fire      ##....       6%          2    ##.....
 Inner Flame              Hex/Fire       #.......     24%         3    ###....
 Sticky Flame             Conj/Fire      ##......     38%         4    ####...
 Fireball                 Conj/Fire      ##........   75%         5    ######.


Dungeon Overview and Level Annotations

Branches:
Dungeon (3/15)

Altars:
Elyvilon
Nemelex Xobeh

Annotations:
D:2 1 runed door
D:3 2 runed doors, tilp's ghost, amateur DsNe


Innate Abilities, Weirdness & Mutations

You are partially covered in molten scales. (AC +2)
You sometimes gain power by taking damage.


Message History

Confirm with . or Enter, or press ? or * to list all spells.
Aiming: Flame Tongue (safe; 4% risk of failure)
Press: ? - help, Shift-Dir - straight line, f - orc wizard
Aim: an orc wizard, wielding a +0 dagger and wearing a +0 robe The flame tongue hits the orc wizard.
The orc wizard is moderately wounded.
The orc wizard casts a spell at you. The puff of frost hits you!
* * * LOW HITPOINT WARNING * * *
Casting: Flame Tongue (safe; 4% risk of failure)
Confirm with . or Enter, or press ? or * to list all spells.
Aiming: Flame Tongue (safe; 4% risk of failure)
Press: ? - help, Shift-Dir - straight line, f/p - orc wizard
Aim: an orc wizard, wielding a +0 dagger and wearing a +0 robe (moderately wounded)
You miscast Flame Tongue.
You are very lightly contaminated with residual magic.
Nothing appears to happen.
The orc wizard points at you and mumbles some strange words.
The puff of frost hits you!
You die...

······▒▒··▒▒▒▒▒
▒▒▒··▒···(((((▒▒▒▒▒▒
▒▒▒▒▒▒▒▒ ▒··▒·▒··▒▒·······▒
▒······▒ ▒·······▒▒·▒▒·▒▒·▒
▒·⌠·⌠▒·▒
▒▒▒▒·▒▒▒▒▒·▒▒·▒▒·▒▒▒▒··_···▒
▒▒·▒▒▒▒▒·▒▒·········⌠·⌠▒·▒
▒········▒▒▒▒▒·▒▒▒▒·▒·▒▒·▒
▒··▒▒▒▒▒·▒▒▒▒▒·▒ ▒······▒
▒···········@o·▒ ▒·▒·▒▒·▒
▒▒▒▒▒·▒▒▒▒▒··▒·····▒
▒·▒·▒▒·▒ ······▒ ▒··▒·····▒
▒······▒ ······▒ ▒········▒
▒▒▒··▒▒▒ ·)···▒▒ ▒·▒▒·····▒
▒▒·▒ ▒▒▒▒▒▒▒▒▒▒▒[▒▒·····▒
▒·▒ ▒▒▒······▒▒▒▒▒▒▒▒ ▒·▒
▒·····)·····▒ ▒·▒
▒·▒·▒·▒▒▒▒▒·▒ ▒▒▒▒▒▒▒·▒


You could see an orc wizard.

Vanquished Creatures
  A hound skeleton (D:3)
  4 adders
  6 worms
  3 dart slugs
  6 leopard geckos
  2 orcs (D:3)
  6 giant cockroaches
  9 goblins
  9 hobgoblins
  7 kobolds
  A quokka (D:2)
  3 ball pythons
  7 bats
  4 frilled lizards
  13 rats
81 creatures vanquished.

Notes
Turn   | Place    | Note
-------+----------+-------------------------------------------
     0 | D:1      | Azzok the Demonspawn Fire Elementalist began the quest for
                  | the Orb.
     0 | D:1      | Reached XP level 1. HP: 13/13 MP: 3/3
   251 | D:1      | Gained mutation: You sometimes gain a little power by
                  | taking damage. [demonic ancestry]
   251 | D:1      | Reached XP level 2. HP: 19/19 MP: 1/5
   956 | D:1      | Reached XP level 3. HP: 21/24 MP: 1/6
  2128 | D:2      | Gained mutation: You sometimes gain power by taking damage.
                  | [demonic ancestry]
  2128 | D:2      | Reached XP level 4. HP: 30/30 MP: 5/8
  2487 | D:2      | Found a runed door.
  2638 | D:2      | Found a sparkling altar of Nemelex Xobeh.
  2738 | D:2      | Learned a level 3 spell: Conjure Flame
  2967 | D:3      | Found a runed door.
  2998 | D:3      | Noticed tilp's ghost (amateur DsNe)
  3339 | D:3      | Found a white marble altar of Elyvilon.
  3348 | D:3      | Gained mutation: You are partially covered in molten
                  | scales. (AC +2) [demonic ancestry]
  3348 | D:3      | Reached XP level 5. HP: 35/35 MP: 5/9
  3457 | D:3      | Found a runed door.
  3553 | D:2      | Killed from afar by an orc wizard

Vault maps used:
D:1:      dpeg_arrival_windows_large_door
D:2:      nemelex_xobeh_ov_fountains_minmay, kennysheep_crisscross,
          minmay_three_crescents, uniq_crazy_yiuf_cottage
D:3:      elyvilon_altar_3, yredelemnul_forgotten_temple_becter, first_ration,
          ebering_ghost_sewer_f

Skill      XL: |  1  2  3  4 |
---------------+-------------+-----
Fire Magic     | 3 |  3.7
Conjurations   | 2 |  2.9
Spellcasting   | 3 |  3.3
Dodging        | |  1.7
Stealth        | |  1.7

Action                   |  1- 3 |  4- 6 || total
-------------------------+-------+-------++-------
Melee: Dagger            |    27 |     1 ||    28
       Unarmed           |     1 |       ||     1
 Cast: Flame Tongue      |    75 |    76 ||   151
  Eat: Chunk             |     1 |     4 ||     5
       Ration            |     1 |       ||     1
Armor: Robe              |    13 |    10 ||    23
Dodge: Dodged            |    56 |    22 ||    78

Table legend:
 A = Non-vault XP
 B = Vault XP
 C = Vault XP percentage of total XP
 D = Non-vault monster count
 E = Vault monster count
 F = Vault count percentage of total count
                 A         B        C        D         E       F
            +---------+---------+-------+---------+---------+-------
      Total |     209 |      19 |   8.3 |      75 |       6 |   7.4
            +---------+---------+-------+---------+---------+-------
        D:1 |      49 |       1 |   2.0 |      26 |       1 |   3.7
        D:2 |      49 |      18 |  26.9 |      21 |       5 |  19.2
        D:3 |     111 |       0 |   0.0 |      28 |       0 |   0.0
            +---------+---------+-------+---------+---------+-------
